 Dungeon Crawl Stone Soup version 0.27.0-1-g7a089689b8 (webtiles) character file.

Game seed: 12761966869716953767

42 stebl the Insei (level 3, 0/27 HPs)
             Began as a Djinni Transmuter on Aug 9, 2021.
             Slain by an adder (3 damage)
             ... on level 2 of the Dungeon.
             The game lasted 00:04:50 (2043 turns).

stebl the Insei (Djinni Transmuter)                 Turns: 2043, Time: 00:04:51

Health: 0/27       AC:  2    Str:  9    XL:     3   Next: 80%
Gold:   73         EV: 12    Int: 15    God:
                   SH:  0    Dex: 13

rFire    + + .     SeeInvis .     - Unarmed
rCold    x . .     Faith    .   (no shield)
rNeg     . . .     Spirit   .   a - +0 robe
rPois    ∞         Reflect  .   (helmet currently unavailable)
rElec    .         Harm     .   (no cloak)
rCorr    .         Rampage  .   (no gloves)
Will     .....                  (boots unavailable)
Stlth    +.........             (no amulet)
HPRegen  0.09/turn              (no ring)
MPRegen  0.00/turn              (no ring)

@: appendages, flying
A: horns 2, flying, sickness immunity, fire resistance 2, cold vulnerability 1,
float, innate caster, hp casting, extra vitality 1
a: End Transformation


You were on level 2 of the Dungeon.
You had temporarily grown beastly horns.
You visited 1 branch of the dungeon, and saw 2 of its levels.

You collected 73 gold pieces.

Inventory:

Armour
 a - a +0 robe (worn)
Scrolls
 c - 2 scrolls of identify {unknown}
 e - a scroll of noise {unknown}
 f - a scroll of enchant weapon {unknown}
Potions
 b - a potion of invisibility {unknown}
 d - a potion of cancellation {unknown}


   Skills:
 - Level 1.0 Fighting
 - Level 2.1 Dodging
 * Level 4.0 Unarmed Combat
 + Level 2.1 Spellcasting


You couldn't memorise any spells.
You knew the following spells:

 Your Spells              Type           Power      Damage    Failure   Level
a - Beastly Appendage     Tmut           14%        N/A       10%         1
b - Wereblood             Tmut           7%         N/A       14%         2
c - Spider Form           Tmut/Pois      3%         N/A       28%         3
d - Ice Form              Ice/Tmut       7%         N/A       67%         4
e - Sandblast             Erth           14%        2d6       10%         1
Your spell library was empty.

Dungeon Overview and Level Annotations

Branches:
Dungeon (2/15)

Altars:


Innate Abilities, Weirdness & Mutations

You have temporarily grown beastly horns.
You are flying.
You are immune to sickness and miasma.
You are immune to poison.
Your flesh is very heat resistant. (rF++)
You are vulnerable to cold. (rC-)
You float through the air rather than walking.
You learn spells naturally, not from books.
Your magical power is your life essence.
You have superior vitality. (+4 HP)


Message History

The adder bites you. The adder barely misses you.
You closely miss the adder.
The adder is lightly wounded.
The adder bites you but does no damage.
You hit the adder but do no damage.
The adder is lightly wounded.
The adder bites you.
You closely miss the adder.
The adder is lightly wounded.
The adder barely misses you.
You closely miss the adder.
The adder is lightly wounded.
The adder barely misses you. The adder bites you but does no damage.
You hit the adder but do no damage.
The adder is lightly wounded.
The adder closely misses you.
You barely miss the adder. You headbutt the adder!
The adder is severely wounded.
The adder bites you but does no damage.
You barely miss the adder.
The adder is severely wounded.
The adder misses you.
You hit the adder but do no damage. Your headbutt misses the adder.
The adder is severely wounded.
Your horns disappear.
The adder bites you. x2
* * * LOW HITPOINT WARNING * * *
You barely miss the adder.
The adder is severely wounded.
The adder bites you but does no damage.
Casting: Beastly Appendage (safe; 10% risk of failure)
Confirm with . or Enter, or press ? or * to list all spells.
You grow a pair of large bovine horns.
* * * LOW HITPOINT WARNING * * *
The adder bites you.
* * * LOW HITPOINT WARNING * * *
You closely miss the adder.
The adder is severely wounded.
The adder bites you.
You die...

#######.###...##....
#####............#....
##.....###.#.....##.# ##
...#####.....#..###.# #.#
.........#.....## #.# #.#
#.###########.## #.###.#
#†.##########.### #.#..# #.
................###.#.##...
##.############.@S†......[.
#........ #####........
########. #...#.#......
#r...$.......
#..............
###............
#....#S####### ......#.#
........#


You could see an adder.

Vanquished Creatures
  An adder (D:2)
  3 dart slugs
  A bat (D:1)
  An endoplasm (D:1)
  2 giant cockroaches (D:1)
  A hobgoblin (D:2)
  3 jackals (D:2)
  4 quokkas
  4 ball pythons (D:1)
  A frilled lizard (D:2)
  2 kobolds (D:1)
  3 rats (D:1)
26 creatures vanquished.

Notes
Turn   | Place    | Note
-------+----------+-------------------------------------------
     0 | D:1      | stebl the Djinni Transmuter began the quest for the Orb.
     0 | D:1      | Reached XP level 1. HP: 17/17 MP: 0/0
   417 | D:1      | Reached XP level 2. HP: 15/22 MP: 0/0
  1274 | D:1      | Reached XP level 3. HP: 17/27 MP: 0/0
  1274 | D:1      | Learned a level 1 spell: Sandblast
  1961 | D:2      | Reached skill level 4 in Unarmed Combat
  2043 | D:2      | Slain by an adder

Illustrated notes

Levels and vault maps discovered:
D:1:      eino_arrival_cavern_e, layout_basic
D:2:      layout_rooms, amethyst_killhole, minmay_lizard_king

Skill      XL: |  1  2  3 |
---------------+----------+-----
Spellcasting   | 2 |  2.1
Unarmed Combat | 4 |  4.0
Fighting       | |  1.0
Dodging        | |  2.1

Action                   || total
-------------------------++-------
Melee: Unarmed           ||   104
       Headbutt          ||    14
 Cast: Beastly Appendage ||    20
       Wereblood         ||     1
 Stab: Sleeping          ||     1
Armor: Robe              ||    11
Dodge: Dodged            ||    56
